 Dungeon Crawl Stone Soup version 0.27.1-3-gb3d3a73c9e (webtiles) character file.

Game seed: 17629025922356022071

56 Sirial the Bolt Thrower (level 3, 0/21 HPs)
             Began as a Gargoyle Arcane Marksman on Oct 19, 2021.
             Was an Initiate of Ashenzari.
             Slain by a hound (1 damage)
             ... on level 3 of the Dungeon.
             The game lasted 00:04:45 (2239 turns).

Sirial the Bolt Thrower (Gargoyle Arcane Marksman)  Turns: 2239, Time: 00:04:45

Health: 0/21       AC:  7    Str: 13    XL:     3   Next: 95%
Magic:  4/4        EV: 12    Int: 13    God:    Ashenzari [......]
Gold:   98         SH:  0    Dex: 11    Spells: 3/4 levels left

rFire    . . .     SeeInvis .   a - +1 hand crossbow "Share My Trepidation" {Elem, Evo} (curse)
rCold    . . .     Faith    .   (no shield)
rNeg     + . .     Spirit   .   d - +1 robe
rPois    ∞         Reflect  .   (no helmet)
rElec    +         Harm     .   i - +0 cloak
rCorr    .         Rampage  .   (no gloves)
Will     .....                  (no boots)
Stlth    +.........             (no amulet)
HPRegen  0.07/turn              (no ring)
MPRegen  0.09/turn              (no ring)

@: no status effects
A: sickness immunity, AC +3, negative energy resistance 1, electricity
resistance, torment resistance 1, petrification resistance
a: Renounce Religion, Shatter the Chains


You were on level 3 of the Dungeon.
You worshipped Ashenzari.
Ashenzari was noncommittal.
You visited 1 branch of the dungeon, and saw 3 of its levels.

You collected 98 gold pieces.

Inventory:

Hand Weapons
 a - the cursed +1 hand crossbow "Share My Trepidation" (weapon) {Elem, Evo}

   It has a curse which improves the following skills: Elements: Fire Magic, Ice
   Magic, Air Magic and Earth Magic.
   Evocations: Evocations.
 g - a +1 dagger of venom
Missiles
 c - 2 bolts (quivered ammo)
 f - a throwing net
Armour
 d - a +1 robe (worn)
 i - a +0 cloak (worn)
Scrolls
 h - a scroll of fog
Potions
 b - a potion of heal wounds
 e - 2 potions of curing


   Skills:
 + Level 1.7 Fighting
 + Level 3.3 Crossbows
 + Level 1.8 Dodging
 + Level 0.2 Stealth
 + Level 1.0 Spellcasting
 + Level 3.0 Hexes


You had 3 spell levels left.
You knew the following spells:

 Your Spells              Type           Power      Damage    Failure   Level
a - Corona                Hex            8%         N/A       9%          1

Your spell library contained the following spells:

 Spells                   Type           Power      Damage    Failure   Level
 Slow                     Hex            8%         N/A       12%         2
 Inner Flame              Hex/Fire       4%         N/A       41%         3
 Portal Projectile        Hex/Tloc       8%         N/A       41%         3
 Cause Fear               Hex            4%         N/A       63%         4


Dungeon Overview and Level Annotations

Branches:
Dungeon (3/15)

Altars:
Ashenzari
Qazlal


Innate Abilities, Weirdness & Mutations

You are immune to sickness and miasma.
Your stone body is resilient. (AC +3)
You are immune to poison.
You resist negative energy. (rN+)
You are resistant to electric shocks. (rElec)
You are resistant to unholy torment.
You are immune to petrification.


Message History

You shoot a bolt. The bolt barely misses the hound.
The hound closely misses you. The iguana bites you!
The hound bites you but does no damage.
You are too injured to fight recklessly!
You are too injured to fight recklessly!
You are too injured to fight recklessly!
Fire: 3 bolts
Press: ? - help, Q - select action, (/) - cycle Shift-Dir - straight line, f/p - hound
Aim: a hound (severely wounded, 51% to hit)
You shoot a bolt.
The bolt hits the hound but does no damage.
The hound is severely wounded.
The hound bites you but does no damage. The iguana barely misses you.
The hound completely misses you. The iguana barely misses you.
Really attack while wielding the cursed +1 hand crossbow "Share My Trepidation" {Elem, Evo}? [Y]es or [N]o only, please.
Really attack while wielding the cursed +1 hand crossbow "Share My Trepidation" {Elem, Evo}? [Y]es or [N]o only, please.
Really attack while wielding the cursed +1 hand crossbow "Share My Trepidation" {Elem, Evo}? [Y]es or [N]o only, please.
Really attack while wielding the cursed +1 hand crossbow "Share My Trepidation" {Elem, Evo}?
You closely miss the hound.
The hound is severely wounded.
The hound closely misses you. The iguana bites you.
The hound bites you but does no damage.
You closely miss the hound.
The hound is severely wounded.
The hound barely misses you. The iguana closely misses you.
The hound closely misses you. The iguana bites you.
* * * LOW HITPOINT WARNING * * *
You closely miss the hound.
The hound is severely wounded.
The hound bites you but does no damage. The hound bites you.
* * * LOW HITPOINT WARNING * * *
The iguana bites you but does no damage.
You clumsily bash the hound but do no damage.
The hound is severely wounded.
The hound completely misses you. The hound bites you but does no damage.
The iguana barely misses you. The hound bites you.
You die...

.#########
.......@l#
........h......
.######..(.....
#..###.## #..#
# #..# #..#
#..#


You could see an iguana and a hound.

Vanquished Creatures
  An adder (D:2)
  3 dart slugs (D:1)
  4 ball pythons
  3 bats
  An endoplasm (D:2)
  10 goblins
  3 hobgoblins
  9 kobolds
  A quokka (D:2)
  4 rats (D:1)
39 creatures vanquished.

Notes
Turn   | Place    | Note
-------+----------+-------------------------------------------
     0 | D:1      | Sirial the Gargoyle Arcane Marksman began the quest for the
                  | Orb.
     0 | D:1      | Reached XP level 1. HP: 12/12 MP: 2/2
   279 | D:1      | Reached XP level 2. HP: 16/16 MP: 3/3
  1035 | D:1      | Reached XP level 3. HP: 20/20 MP: 4/4
  1435 | D:2      | Found a faded altar of an unknown god.
  1443 | D:2      | Became a worshipper of Ashenzari the Shackled
  1947 | D:2      | Found a stormy altar of Qazlal.
  2238 | D:3      | HP: 1/21 [hound (3)]
  2239 | D:3      | Slain by a hound

Illustrated notes

Levels and vault maps discovered:
D:1:      kilobyte_arrival_exit_the_forest, layout_loops_cross
D:2:      kennysheep_the_goblin_king, layout_loops_ring, basic_ecumenical_altar,
          basic_altar
D:3:      minmay_octagon_keep, layout_loops_ring, grunt_temple_overflow_open

Skill      XL: |  1  2  3 |
---------------+----------+-----
Hexes          | 3 |  3.0
Crossbows      | 3 |  3.3
Fighting       | |  1.7
Dodging        | |  1.8
Stealth        | |  0.2
Spellcasting   | |  1.0

Action                   || total
-------------------------++-------
Melee: Hand crossbow     ||     4
 Fire: Hand crossbow     ||   112
Invok: Curse Item        ||     1
  Use: Scroll            ||     2
Armor: Robe              ||    25
Dodge: Dodged            ||    46
